 Dungeon Crawl Stone Soup version 0.18-a0-1730-g73f0523 (webtiles) character file.

150468 dobroeutro the Peltast (level 17, -3/86 HPs)
             Began as a Gargoyle Fighter on Apr 9, 2016.
             Was the Champion of Jiyva.
             Killed from afar by a starcursed mass (7 damage)
             ... with an accursed screaming
             ... on level 4 of the Abyss on Apr 10, 2016.
             The game lasted 01:57:23 (28621 turns).

dobroeutro the Peltast (Gargoyle Fighter)          Turns: 28621, Time: 01:57:24

Health: -3/86      AC: 29    Str: 20 (21) XL:     17   Next: 24%
Magic:  11/11      EV: 17    Int:  2 (7)  God:    Jiyva [******]
Gold:   921        SH: 27    Dex: 17      Spells: 0 memorised, 16 levels left

rFire  + + +     SeeInvis +     I - +12 whip "Jatyam" {elec, *Contam rPois Str+7 Dex-2}
rCold  + + .     Gourm    .     w - +5 ring mail of the Zebra {rCorr Dex+3}
rNeg   + . .     Faith    .     P - +6 large shield of Opnet {rF+ Str+2}
rPois  ∞         Spirit   .     (no helmet)
rElec  +         Dismiss  .     z - +1 cloak {rPois}
rCorr  +         Reflect  .     (no gloves)
SustAt .         Harm     .     H - +0 pair of boots "Qiklir" {rF+ rC++}
MR     ++++.     Clarity  +     (no amulet)
Stlth  +......... Rnd*Tele +    y - ring of protection from magic
                                g - ring of see invisible

@: incredibly resistant to hostile enchantments, very unstealthy
A: big wings, repulsion field 1, icy blue scales 1, thin metallic scales 1,
blurry vision 3, clarity, clumsy 2, deformed body, deterioration 2, dopey 1,
fire resistance 1, frail 2, low mp 3, magic resistance 2, negative energy
resistance 1, screaming 1, electricity resistance, teleportitis 1, weak 2,
unbreathing, translucent skin 1, petrification resistance, rot immunity, subdued
magic 2, MP-powered wands, AC +12
a: Fly, Request Jelly, Jelly Paralyse, Slimify, Cure Bad Mutation, Renounce
Religion
}: 1/15 runes: slimy


You were on level 4 of the Abyss.
You worshipped Jiyva.
Jiyva was exalted by your worship.
You were very full.

You visited 7 branches of the dungeon, and saw 35 of its levels.
You visited the Abyss 1 time.

You collected 1955 gold pieces.
You spent 1034 gold pieces at shops.

Inventory:

Hand Weapons
 s - the +8 long sword of Poverty {drain, Str+6 Int-5}
   (You found it on level 13 of the Dungeon)

   A truly terrible weapon, it drains the life of those it strikes.
   It affects your strength (+6).
   It affects your intelligence (-5).
 I - the +12 whip "Jatyam" (weapon) {elec, *Contam rPois Str+7 Dex-2}
   (You found it on level 12 of the Dungeon)

   Occasionally, upon striking a foe, it will discharge some electrical energy
   and cause terrible harm.
   It affects your strength (+7).
   It affects your dexterity (-2).
   It protects you from poison.
   It causes magical contamination when unequipped.
Armour
 p - a +2 scale mail of fire resistance
 u - a +0 helmet
 w - the +5 ring mail of the Zebra (worn) {rCorr Dex+3}
   (You found it on level 6 of the Pits of Slime)

   It affects your dexterity (+3).
   It protects you from acid and corrosion.
 z - a +1 cloak of poison resistance (worn)
 H - the +0 pair of boots "Qiklir" (worn) {rF+ rC++}
   (You found it on level 6 of the Dungeon)

   It protects you from fire.
   It greatly protects you from cold.
 P - the +6 large shield of Opnet (worn) {rF+ Str+2}
   (You took it off Louise on level 14 of the Dungeon)

   It affects your strength (+2).
   It protects you from fire.
Jewellery
 g - a ring of see invisible (left hand)
 y - a ring of protection from magic (right hand)
 D - an uncursed ring of positive energy
 J - an uncursed ring of protection from cold
 X - an uncursed ring of protection from fire
 Y - an uncursed amulet of the gourmand
Wands
 c - a wand of acid (9/15)
 l - a wand of flame (16/48)
 v - a wand of acid (8/15)
 L - a wand of lightning (15/15)
 M - a wand of disintegration (6/24)
 N - a wand of teleportation (0/9)
 T - a wand of paralysis (6/24)
 W - a wand of random effects (13/48)
Scrolls
 a - 2 scrolls of fog
 e - 2 scrolls of recharging
 h - 2 scrolls of magic mapping
 k - a scroll of identify
 m - a scroll of acquirement {unknown}
 o - 4 scrolls of enchant weapon
 q - a scroll of brand weapon {unknown}
 t - 4 scrolls of teleportation
 A - 9 scrolls of remove curse
 F - a scroll of blinking
 K - 2 scrolls of vulnerability {unknown}
 R - a scroll of summoning
 U - a scroll of holy word {unknown}
 Z - 4 scrolls of enchant armour
Potions
 d - a potion of might
 i - a potion of berserk rage
 E - 2 potions of agility
 G - a potion of ambrosia
 Q - a potion of magic
 S - 2 potions of resistance
 V - 2 potions of haste
Books
 j - a book of Alchemy

   Spells                             Type                      Level
   a - Sublimation of Blood           Necromancy                   2
   b - Ignite Poison                  Fire/Transmutation/Poison    3
   c - Petrify                        Transmutation/Earth          4
   d - Alistair's Intoxication        Transmutation/Poison         5
   e - Irradiate                      Conjuration/Transmutation    5
Comestibles
 b - 10 beef jerkies
 f - 13 bread rations
 n - 8 meat rations
 r - 30 fruits
 x - a royal jelly
 O - 9 slices of pizza


   Skills:
 + Level 12.8 Fighting
   Level 10.8 Short Blades
 * Level 14.6 Maces & Flails
 + Level 11.5 Armour
 + Level 8.3 Dodging
 + Level 17.3 Shields
 + Level 0.1 Evocations


You had 16 spell levels left.
You didn't know any spells.

Dungeon Overview and Level Annotations

Branches:
Dungeon (15/15)            Temple (1/1) D:5            Lair (8/8) D:10
 Shoals (0/4) Lair:6        Snake (1/4) Lair:6        Slime (6/6) Lair:7
    Orc (2/2) D:11            Elf (2/3) Orc:2        Vaults (0/5) D:13
 Depths (0/5) D:15

Altars:
Cheibriados
Dithmenos
Fedhas
Kikubaaqudgha
Makhleb
Nemelex Xobeh
Pakellas
Qazlal
Ru
Vehumet
Xom
Yredelemnul
Zin
Beogh
Jiyva

Shops:
D:7 [   D:14 :   D:15 :   Orc:2 (*:((}=*   Elf:2 :?

Portals:
Hell: Lair:8

Annotations:
D:5 Prince Ribbit
Slime:6 Royal Jelly
Elf:2 Norris


Innate Abilities, Weirdness & Mutations

You are resistant to torment.
Your stone body is resilient (AC +12).
You are immune to poison.
Your large and strong wings let you fly indefinitely.
You resist negative energy.
You are resistant to electric shocks.
You can survive without breathing.
You are immune to petrification.
You are immune to rotting.
You are surrounded by a mild repulsion field (EV +2).
You are partially covered in icy blue scales (AC +1).
You are partially covered in thin metallic scales (AC +2).
You possess an exceptional clarity of mind.
You are dopey. (Int -2)
Your flesh is heat resistant.
You are highly resistant to hostile enchantments.
You occasionally shout uncontrollably at your foes.
Your skin is partially translucent (Stealth, -foe acc).
[Scrolls take you much longer to read.]
[You are very clumsy. (Dex -4)]
[Armour fits poorly on your strangely shaped body.]
[Your body often deteriorates upon taking damage.]
[You are very frail (-20% HP).]
[Your magical capacity is extremely low (-30% MP).]
[You are occasionally teleported next to monsters.]
[You are very weak. (Str -4)]
[Your spells are easier to cast, but less powerful.]
[You expend magic power (3 MP) to strengthen your wands.]


Message History

A shadow comes into view.
A large abomination comes into view.
An ancient zyme comes into view.
A starcursed mass comes into view.
A starcursed mass splits.
A starcursed mass splits.
The starcursed mass shrieks in your mind.
* * * LOW HITPOINT WARNING * * *
You block the ancient zyme's attack. x2
A wizard comes into view. It is wielding a dagger.
The wizard moves out of view.
The wizard looks sick.
The wizard gestures at you while chanting.
The fireball explodes!
The fireball engulfs you! You resist.
* * * LOW HITPOINT WARNING * * *
You hear a shout!
A lich comes into view.
The lich casts a spell.
A chorus of shrieks assaults your mind.
You die... .# .X .# X# . ...## ..# .# #XJ

# #.. #. ..# .
.. #. .V..#
#.. #. #.## .
.##.
.X..#.##... X.
. #...#.# #R##
#. #.#.@# .. #
#X## ##..####
. #
...##.##..#.#
.X #
#..#...#..# .#
## #L...##X##
..X##.#.##..##
#.## #. .
###..#x####p.#
.. # .# .. .
.# #.# ##X ##
..X X#.#


You could see 2 starcursed masses.

Vanquished Creatures
  An Executioner (Abyss:4)
  A deep elf blademaster (Elf:2)
  Frances (D:14)
  Agnes (Elf:1)
  Louise (D:14)
  A very ugly thing (Abyss:4)
  2 dire elephants (Lair:8)
  Nessos (D:13)
  A deep elf death mage (Elf:1)
  Josephine (D:12)
  5 vault guards (D:13)
  4 starcursed masses (Abyss:4)
  8 hydras
  An anaconda (Snake:1)
  2 naga warriors (Snake:1)
  Erica (D:10)
  8 centaur warriors
  A death knight (D:15)
  An anaconda (shapeshifter) (D:15)
  10 dancing weapons
  3 death yaks (Lair:8)
  2 naga sharpshooters (Snake:1)
  Sonja (D:12)
  3 orc high priests (Orc:2)
  4 deep elf knights
  2 small abominations
  2 shock serpents (Snake:1)
  A wretched star (Abyss:4)
  Nergalle (Lair:1)
  3 unseen horrors
  A deep elf archer (Elf:2)
  2 naga ritualists (Snake:1)
  2 phantasmal warriors
  A mana viper (Snake:1)
  9 hill giants
  A griffon (Lair:8)
  2 necromancers (Elf:1)
  An oklob plant (Lair:6)
  2 wizards
  5 orc knights
  A cyclops (D:15)
  4 ugly things
  4 orc sorcerers
  17 deep elf magi
  3 worldbinders (Abyss:4)
  A salamander (Snake:1)
  A centaur zombie (D:11)
  8 large abominations
  10 elephants
  18 black mambas
  A guardian serpent (Snake:1)
  Maurice (D:11)
  Joseph (D:10)
  A siren (Lair:6)
  A black mamba (shapeshifter) (D:15)
  4 naga magi (Snake:1)
  2 gargoyles (D:13)
  A torpor snail (Lair:4)
  15 spiny frogs
  Psyche (D:10)
  2 centaur skeletons
  2 rime drakes
  A kobold demonologist (D:15)
  10 komodo dragons
  3 tengu conjurers
  2 polar bears
  2 two-headed ogres
  5 trolls
  A boulder beetle (Lair:7)
  A raiju (Abyss:4)
  6 slime creatures
  16 blink frogs
  A spriggan (Lair:7)
  An air elemental (Elf:1)
  4 wraiths (D:12)
  2 ynoxinuls (Abyss:4)
  A human (D:7)
  A wyvern (D:10)
  A neqoxec (Abyss:4)
  A fire elemental (Elf:1)
  77 yaks
  A basilisk (shapeshifter) (D:15)
  9 hippogriffs
  A chaos spawn (Abyss:4)
  Grum (Lair:1)
  The ghost of Satanail the Shield-Bearer, an amateur HaFi of Okawaru (D:3)
  2 mottled dragons
  4 nagas (Snake:1)
  A warg (Orc:2)
  18 water moccasins
  11 porcupines
  23 orc warriors
  2 ice beasts
  2 sky beasts
  An eye of draining (D:8)
  4 black bears
  A wasp (D:11)
  An eye of draining (shapeshifter) (D:15)
  A phantom (D:9)
  A necrophage (D:11)
  5 boggarts (D:15)
  9 ogres
  26 wolves
  13 centaurs
  14 crocodiles
  2 big kobolds
  18 giant frogs
  2 elf zombies (Elf:1)
  A gnoll sergeant (D:8)
  2 wyvern skeletons
  5 scorpions
  12 killer bees
  15 wights
  2 electric eels
  6 howler monkeys
  5 crimson imps
  13 jellies
  A quasit (D:6)
  8 hounds
  2 giant frog skeletons (D:9)
  18 orc priests
  A gnoll shaman (D:4)
  6 iguanas
  23 orc wizards
  4 worker ants
  16 sheep
  Robin (D:2)
  23 gnolls
  48 river rats
  16 adders
  5 shadow imps
  14 oozes
  An adder zombie (D:9)
  2 adder skeletons
  6 worms
  A dart slug (D:4)
  6 giant geckos
  72 orcs
  7 bats
  2 bat zombies (D:9)
  7 giant cockroaches
  10 goblins
  11 hobgoblins
  3 quokkas
  A ball python (D:4)
  2 giant newts
  A jackal skeleton (D:4)
  A jackal zombie (D:5)
  16 kobolds
  A quokka skeleton (D:4)
  A quokka zombie (D:7)
  8 rats
  2 rat zombies (D:9)
917 creatures vanquished.

Vanquished Creatures (collateral kills)
  Rupert (D:13)
  A large abomination (Abyss:4)
  2 starspawn tentacles (Abyss:4)
4 creatures vanquished.

Vanquished Creatures (others)
  An acid blob (Slime:6)
  2 shining eyes
  A centaur skeleton (D:14)
  11 slime creatures
  A troll (shapeshifter) (D:15)
  A raiju (Abyss:4)
  A fire elemental (Elf:1)
  4 golden eyes (Abyss:4)
  A warg (Orc:2)
  An ice beast (Abyss:4)
  An eye of draining (Abyss:4)
  A centaur (D:14)
  A giant frog (D:14)
  59 jellies
  A crimson imp (D:13)
  2 quasits
  A jelly (shapeshifter) (Abyss:4)
  An orc priest (Orc:2)
  5 orc wizards
  A worker ant (D:14)
  2 small abominations (Abyss:4)
  A shadow imp (Abyss:4)
  4 orcs
  4 fire vortices (Abyss:4)
  8 fungi
  3 plants
  15 starspawn tentacles (Abyss:4)
  538 starspawn tentacle segments (Abyss:4)
672 creatures vanquished.

Grand Total: 1593 creatures vanquished

Notes
Turn   | Place    | Note
--------------------------------------------------------------
     0 | D:1      | dobroeutro the Gargoyle Fighter began the quest for the Orb.
     0 | D:1      | Reached XP level 1. HP: 14/14 MP: 1/1
   104 | D:1      | Reached XP level 2. HP: 19/19 MP: 2/2
   794 | D:2      | Reached XP level 3. HP: 20/23 MP: 3/3
  1203 | D:2      | Reached skill level 4 in Shields
  1219 | D:2      | Reached XP level 4. HP: 20/29 MP: 4/4
  1368 | D:2      | Noticed Robin
  1391 | D:2      | Killed Robin
  1424 | D:2      | Found a faded altar to an unknown god.
  2167 | D:3      | Reached XP level 5. HP: 31/33 MP: 5/5
  2434 | D:3      | Found an oddly glowing altar of Pakellas.
  2496 | D:3      | Noticed Satanail's ghost (amateur HaFi)
  2511 | D:3      | Killed Satanail's ghost
  2511 | D:3      | Reached skill level 5 in Shields
  2511 | D:3      | Reached XP level 6. HP: 38/38 MP: 6/6
  2859 | D:4      | Reached skill level 5 in Armour
  3075 | D:4      | Reached XP level 7. HP: 44/44 MP: 7/7
  3251 | D:4      | Reached skill level 5 in Fighting
  3350 | D:4      | Reached skill level 6 in Shields
  3740 | D:5      | Entered Level 5 of the Dungeon
  3796 | D:5      | HP: 2/44 [orc priest/nerve-wracking pain (8)]
  4104 | D:5      | Reached XP level 8. HP: 35/50 MP: 8/8
  4194 | D:5      | Reached skill level 5 in Maces & Flails
  4389 | D:5      | Found a staircase to the Ecumenical Temple.
  4398 | Temple   | Entered the Ecumenical Temple
  4434 | D:5      | Found a snail-covered altar of Cheibriados.
  4439 | D:5      | Got a steaming rapier
  4440 | D:5      | Identified the +5 rapier of Xeastitu {drain, +Blink rElec Str+5} (You found it on level 5 of the Dungeon)
  4470 | D:5      | Noticed Prince Ribbit
  4628 | D:5      | Found a radiant altar of Vehumet.
  4888 | D:6      | Found a stormy altar of Qazlal.
  4890 | D:6      | Noticed a water elemental
  4891 | D:6      | Noticed an air elemental
  4957 | D:6      | Reached skill level 1 in Short Blades
  4985 | D:6      | Reached skill level 7 in Shields
  5021 | D:6      | Got a pair of pitted boots
  5027 | D:6      | Identified the cursed +0 pair of boots "Qiklir" {rF+ rC++} (You found it on level 6 of the Dungeon)
  5186 | D:6      | Reached XP level 9. HP: 39/55 MP: 9/9
  5187 | D:6      | Found a basalt altar of Yredelemnul.
  5395 | D:6      | Reached skill level 8 in Shields
  5762 | D:7      | Gained mutation: You are dopey. (Int -2) [mutagenic meat]
  5763 | D:7      | Gained mutation: [You are clumsy. (Dex -2)] [mutagenic meat]
  5830 | D:7      | Found Adaucwof's Antique Armour Emporium.
  5833 | D:7      | Bought a jewelled helmet for 209 gold pieces
  5843 | D:7      | Identified the cursed -3 helmet of the Lost Path {rElec rPois MP-9 Stlth+} (You bought it in a shop on level 7 of the Dungeon)
  5874 | D:7      | Found a sparkling altar of Nemelex Xobeh.
  5898 | D:7      | Found a sacrificial altar of Ru.
  6224 | D:7      | Reached skill level 9 in Shields
  6674 | D:8      | Found a glowing silver altar of Zin.
  6821 | D:8      | Got a pair of faintly glowing boots
  6832 | D:8      | Identified the -6 pair of boots of Beinyot {Dex-2 Slay+3 Stlth+} (You found it on level 8 of the Dungeon)
  7103 | D:8      | Reached XP level 10. HP: 56/61 MP: 10/10
  7393 | D:9      | Reached skill level 5 in Short Blades
  7415 | D:9      | Reached skill level 10 in Shields
  7439 | D:9      | Noticed a red ugly thing
  7450 | D:9      | Killed a red ugly thing
  8131 | D:9      | Found an ancient bone altar of Kikubaaqudgha.
  8233 | D:10     | Entered Level 10 of the Dungeon
  8467 | D:10     | Noticed Psyche
  8477 | D:10     | Paralysed by something for 7 turns
  8492 | D:10     | Killed Psyche
  8492 | D:10     | Reached skill level 11 in Shields
  8492 | D:10     | Reached XP level 11. HP: 68/68 MP: 11/11
  8523 | D:10     | Noticed Joseph
  8542 | D:10     | Killed Joseph
  8593 | D:10     | Found a staircase to the Lair.
  8695 | D:10     | Noticed Erica
  8729 | D:10     | Killed Erica
  9025 | D:10     | Noticed a deep elf mage
  9037 | D:10     | Killed a deep elf mage
  9071 | D:11     | Noticed Maurice
  9092 | D:11     | Killed Maurice
  9222 | D:11     | Lost mutation: [You are clumsy. (Dex -2)] [potion of mutation]
  9222 | D:11     | Gained mutation: You have an increased reservoir of magic (+10% MP). [potion of mutation]
  9222 | D:11     | Lost mutation: You are dopey. (Int -2) [potion of mutation]
  9279 | D:11     | Noticed a five-headed hydra
  9294 | D:11     | Killed a five-headed hydra
  9366 | D:11     | Found a staircase to the Orcish Mines.
  9366 | D:11     | Noticed a brown ugly thing
  9380 | D:11     | Killed a brown ugly thing
  9597 | D:11     | Killed an unseen horror
  9929 | D:11     | Reached skill level 12 in Shields
  9973 | D:11     | Noticed a hill giant
  9985 | D:11     | Killed a hill giant
  9985 | D:11     | Reached XP level 12. HP: 38/76 MP: 13/13
 10482 | D:12     | Noticed Sonja
 10494 | D:12     | Killed Sonja
 10494 | D:12     | Reached skill level 10 in Short Blades
 10612 | D:12     | Noticed Josephine
 10612 | D:12     | Noticed an eight-headed hydra
 10617 | D:12     | Killed an eight-headed hydra
 10648 | D:12     | Killed Josephine
 10833 | D:12     | Got a dazzling whip
 10842 | D:12     | Identified the +12 whip "Jatyam" {elec, *Contam rPois Str+7 Dex-2} (You found it on level 12 of the Dungeon)
 10864 | D:12     | Noticed a centaur warrior
 10879 | D:12     | Killed a centaur warrior
 10934 | D:12     | Reached skill level 10 in Fighting
 10939 | D:12     | Reached skill level 13 in Shields
 11063 | D:12     | Noticed a death knight
 11135 | D:11     | Reached skill level 1 in Dodging
 11171 | Lair:1   | Entered Level 1 of the Lair of Beasts
 11194 | Lair:1   | Reached XP level 13. HP: 35/82 MP: 14/14
 11486 | Lair:1   | Noticed Grum
 11507 | Lair:1   | Killed Grum
 11623 | Lair:1   | Noticed Nergalle
 11631 | Lair:1   | Killed Nergalle
 11994 | Lair:2   | Got a jewelled dire flail
 12014 | Lair:2   | Identified the +5 dire flail of Benevolence {crush, MR+ Dex+2} (You found it on level 2 of the Lair of Beasts)
 12385 | Lair:2   | Gained mutation: Your muscles are strong. (Str +2) [potion of mutation]
 12385 | Lair:2   | Gained mutation: [Your spells are a little easier to cast, but a little less powerful.] [potion of mutation]
 12385 | Lair:2   | Gained mutation: [You are clumsy. (Dex -2)] [potion of mutation]
 12763 | Lair:3   | Reached skill level 10 in Armour
 14886 | Lair:5   | Gained mutation: Your large and strong wings let you fly indefinitely. [Gargoyle growth]
 14886 | Lair:5   | Reached XP level 14. HP: 67/88 MP: 15/15
 15012 | Lair:5   | Reached skill level 14 in Shields
 15025 | Lair:5   | Got a faintly humming scale mail
 15061 | Lair:5   | Identified the +2 scale mail of Greed {Str+2} (You found it on level 5 of the Lair of Beasts)
 15508 | Lair:6   | Found a glowing silver altar of Zin.
 15921 | Lair:6   | Found a staircase to the Snake Pit.
 16123 | Lair:6   | Found a staircase to the Shoals.
 16523 | Lair:7   | Found a viscous altar of Jiyva.
 16523 | Lair:7   | Found a staircase to the Slime Pits.
 16537 | Lair:7   | Became a worshipper of Jiyva Juoxzon the Shapeless
 16697 | Lair:7   | Reached skill level 10 in Maces & Flails
 16924 | Lair:8   | Entered Level 8 of the Lair of Beasts
 17274 | Lair:7   | Reached * piety under Jiyva
 17350 | Lair:7   | Reached ** piety under Jiyva
 17560 | Lair:7   | Reached skill level 5 in Dodging
 18477 | Lair:8   | Reached XP level 15. HP: 47/95 MP: 16/16
 18925 | Lair:8   | Reached *** piety under Jiyva
 19056 | Lair:8   | Lost mutation: [You are clumsy. (Dex -2)] [Jiyva's grace]
 19069 | Lair:8   | Reached skill level 15 in Shields
 19265 | Lair:8   | Found a burning altar of Makhleb.
 19270 | Lair:8   | Found a gateway to Hell.
 19475 | Orc:1    | Entered Level 1 of the Orcish Mines
 20056 | Orc:1    | Gained mutation: You have acidic saliva. [Jiyva's grace]
 20056 | Orc:1    | Reached **** piety under Jiyva
 20078 | Orc:1    | Lost mutation: Your muscles are strong. (Str +2) [Jiyva's grace]
 20090 | Orc:2    | Entered Level 2 of the Orcish Mines
 20090 | Orc:2    | Found a roughly hewn altar of Beogh.
 20100 | Orc:2    | Found Veewkid's General Store.
 20125 | Orc:2    | Found a staircase to the Elven Halls.
 20159 | Orc:2    | Found Rall's Antique Weapon Shop.
 20162 | Orc:2    | Reached ***** piety under Jiyva
 20195 | Orc:2    | Lost mutation: [Your spells are a little easier to cast, but a little less powerful.] [Jiyva's grace]
 20240 | Orc:2    | Found Amadiokk's Weapon Emporium.
 20507 | Orc:2    | Gained mutation: You have a pair of small horns on your head. [Jiyva's grace]
 20541 | Orc:2    | Reached ****** piety under Jiyva
 20546 | Orc:2    | Found Cisedoj's Assorted Antiques.
 20665 | Orc:2    | Lost mutation: You have an increased reservoir of magic (+10% MP). [Jiyva's grace]
 20689 | Orc:2    | Found Heaphy Rair's Gadget Boutique.
 20689 | Orc:2    | Found Maf Jush's Jewellery Emporium.
 20689 | Orc:2    | Gained mutation: Your movements are slightly less encumbered by armour (ER -2). [Jiyva's grace]
 20691 | Orc:2    | Found Ynlia's Book Boutique.
 20691 | Orc:2    | Found Ygyimmia's Weapon Emporium.
 20699 | Orc:2    | Lost mutation: You have acidic saliva. [Jiyva's grace]
 20920 | Orc:2    | Bought a book of Alchemy for 825 gold pieces
 21086 | Slime:1  | Entered Level 1 of the Pits of Slime
 21139 | Slime:4  | Noticed an acid blob
 21148 | Slime:4  | Noticed an acid blob
 21156 | Slime:5  | Noticed an acid blob
 21156 | Slime:5  | Noticed an acid blob
 21159 | Slime:6  | Entered Level 6 of the Pits of Slime
 21190 | Slime:6  | Noticed an acid blob
 21192 | Slime:6  | Noticed an acid blob
 21194 | Slime:6  | Noticed an acid blob
 21194 | Slime:6  | Noticed an azure jelly
 21197 | Slime:6  | Lost mutation: You have a pair of small horns on your head. [Jiyva's grace]
 21198 | Slime:6  | Found a viscous altar of Jiyva.
 21198 | Slime:6  | Noticed an acid blob
 21199 | Slime:6  | Noticed the Royal Jelly
 21202 | Slime:6  | Gained mutation: You possess an exceptional clarity of mind. [Jiyva's grace]
 21210 | Slime:6  | Noticed an acid blob
 21210 | Slime:6  | Gained mutation: You are resistant to hostile enchantments. [Jiyva's grace]
 21223 | Slime:6  | Noticed an acid blob
 21227 | Slime:6  | Got a slimy rune of Zot
 21239 | Slime:6  | Killed an acid blob
 21314 | Slime:6  | Noticed an acid blob
 21384 | Slime:6  | Got a faintly humming ring mail
 21395 | Slime:6  | Identified the +5 ring mail of the Zebra {rCorr Dex+3} (You found it on level 6 of the Pits of Slime)
 21407 | Slime:6  | Gained mutation: You are partially covered in icy blue scales (AC +1). [Jiyva's grace]
 21464 | Slime:1  | Noticed an acid blob
 21516 | Snake:1  | Entered Level 1 of the Snake Pit
 22206 | Snake:1  | Got a bloodstained plate armour
 22217 | Snake:1  | Identified the cursed +0 plate armour of the King of the Hill {rC- rCorr Dex+3} (You found it on level 1 of the Snake Pit)
 22231 | Snake:1  | Gained mutation: Your flesh is heat resistant. [Jiyva's grace]
 22682 | Snake:1  | Gained mutation: You are highly resistant to hostile enchantments. [Jiyva's grace]
 23183 | Snake:1  | Upgraded the game from 0.18-a0-1721-gc4d1f22 to 0.18-a0-1730-g73f0523
 23461 | D:13     | Noticed Rupert
 23487 | D:13     | Killed Rupert
 23735 | D:13     | Got a steaming long sword
 23736 | D:13     | Identified the +8 long sword of Poverty {drain, Str+6 Int-5} (You found it on level 13 of the Dungeon)
 23754 | D:13     | Gained mutation: [You are weak. (Str -2)] [mutagenic glow]
 23788 | D:13     | Gained mutation: You occasionally shout uncontrollably at your foes. [Jiyva's grace]
 23827 | D:13     | Noticed Nessos
 23842 | D:13     | Killed Nessos
 24057 | D:13     | Reached XP level 16. HP: 101/101 MP: 16/16
 24142 | D:13     | Found a gate to the Vaults.
 24272 | D:13     | Gained mutation: Your skin is partially translucent (Stealth, -foe acc). [Jiyva's grace]
 24326 | D:13     | Gained mutation: You have sharp toenails. [Jiyva's grace]
 24830 | D:14     | Reached skill level 16 in Shields
 24918 | D:14     | Noticed Louise
 24930 | D:14     | Gained mutation: You are partially covered in thin metallic scales (AC +2). [Jiyva's grace]
 24953 | D:14     | Killed Louise
 24956 | D:14     | Got an ichor-stained large shield
 24958 | D:14     | Lost mutation: Your movements are slightly less encumbered by armour (ER -2). [Jiyva's grace]
 24967 | D:14     | Identified the +6 large shield of Opnet {rF+ Str+2} (You took it off Louise on level 14 of the Dungeon)
 24975 | D:14     | Found Nienoom's Book Shoppe.
 25085 | D:14     | Noticed Frances
 25093 | D:14     | Gained mutation: You sometimes yell uncontrollably at your foes. [a neqoxec]
 25102 | D:14     | Killed Frances
 25114 | D:14     | Gained mutation: You are surrounded by a mild repulsion field (EV +2). [Jiyva's grace]
 25190 | D:14     | Found a blossoming altar of Fedhas.
 25313 | D:15     | Entered Level 15 of the Dungeon
 25654 | D:15     | Found Xounuoz's Book Emporium.
 26094 | D:15     | Found a staircase to the Depths.
 26334 | D:15     | Lost mutation: You have sharp toenails. [Jiyva's grace]
 26456 | Elf:1    | Entered Level 1 of the Elven Halls
 26465 | Elf:1    | Noticed Agnes
 26481 | Elf:1    | Killed Agnes
 26496 | Elf:1    | Lost mutation: [You are weak. (Str -2)] [Jiyva's power]
 26497 | Elf:1    | Lost mutation: You sometimes yell uncontrollably at your foes. [Jiyva's power]
 27049 | Elf:1    | Gained mutation: You are dopey. (Int -2) [Jiyva's grace]
 27105 | Elf:2    | Found Fouwk's Magic Scroll Shop.
 27198 | Elf:2    | Found Aqoicaf's Book Shoppe.
 27282 | Elf:2    | Reached XP level 17. HP: 95/108 MP: 17/17
 27312 | Elf:2    | Noticed Norris
 27312 | Elf:2    | Noticed a deep elf blademaster
 27339 | Elf:2    | Killed a deep elf blademaster
 27354 | Elf:2    | Reached skill level 17 in Shields
 27364 | Elf:2    | Cast into level 4 of the Abyss (long sword of distortion)
 27761 | Abyss:4  | Noticed a tentacled starspawn
 27770 | Abyss:4  | Noticed a bone dragon
 27814 | Abyss:4  | Noticed a tentacled starspawn
 28252 | Abyss:4  | Noticed an Executioner
 28270 | Abyss:4  | Killed an Executioner
 28326 | Abyss:4  | Noticed a hellephant
 28551 | Abyss:4  | Noticed a tentacled starspawn
 28606 | Abyss:4  | HP: 4/86 [starcursed mass/accursed screaming (7)]
 28611 | Abyss:4  | HP: 2/86 [wizard/fireball (3)]
 28619 | Abyss:4  | Noticed a lich
 28621 | Abyss:4  | Killed from afar by a starcursed mass

Vault maps used:
D:1:      dpeg_arrival_prison, kennysheep_pointless_box, serial_park_tiny_1
D:2:      ecumenical_altar_2, st_stairs_5, lemuel_another_geyser, uniq_robin
D:3:      grunt_pakellas_basics
D:5:      nicolae_overflow_hidden_temple, kennysheep_mini,
          minmay_temple_entry_statues_fountains, first_bread,
          kennysheep_generic_room_8, uniq_prince_ribbit1
D:6:      nicolae_qazlal_style_of_elements, yredelemnul_altar_generic,
          grunt_decor_one_mirror
D:7:      nicolae_ru_great_annihilating_truth, serial_shops,
          nicolae_shop_behind_doors, grunt_livestock,
          nemelex_lonely_heart_becter
D:8:      zin_academy
D:9:      lemuel_zombie_altar_kikubaaqudgha
D:10:     lair_0_dummy, uniq_erica, uniq_joseph, uniq_psyche
D:11:     david_orc_3, uniq_maurice
D:12:     st_stairs_2, uniq_josephine, uniq_sonja
D:13:     grunt_vaults_entry_fortified, uniq_snorg, uniq_rupert, uniq_nessos
D:14:     serial_shops, nicolae_shop_waterfront, fedhas_altar_4, uniq_louise,
          uniq_frances
D:15:     gammafunk_enter_depths_forms, hangedman_abyss_or_decor_stabs,
          serial_shops, shop
Temple:   zaba_magenta_temple_12
Lair:1:   infiniplex_staircase_pool, uniq_nergalle, uniq_grum
Lair:2:   nicolae_quartered_pool_super
Lair:3:   grunt_megastairs_5
Lair:4:   boulder_dual_corridor_run, lemuel_fruit_fields, lemuel_fruit_fields
Lair:5:   small_statue_intersection, serial_bayou_shore_a, lemuel_fruit_fields,
          lemuel_fruit_tree
Lair:6:   lemuel_slime, minmay_shoals_entry_lonely_mermaid, dummy_snake_entry,
          basic_altar
Lair:7:   slime_altar_1, grunt_forest_stairs_clearing
Lair:8:   evil_forest, grunt_megastairs_1
Snake:1:  spider_trap, serial_bayou_shore_b
Slime:1:  cheibrodos_slime_lost_civilization_2
Slime:2:  basic_altar
Orc:1:    cheibrodos_orc_bank, statue_in_the_mist_lemuel
Orc:2:    grunt_orc_tribal_feast, serial_shops, shop, nicolae_shop_trees,
          nicolae_shop_trees, shop, basic_altar
Elf:1:    minmay_elf_necromancy, glass_columns_a, uniq_agnes
Elf:2:    serial_shops, nicolae_shop_statue_plus, shop_statue, shop, uniq_norris
Abyss:4:  nicolae_abyss_rune_containment_breach

Skill      XL: |  1  2  3  4  5  6  7  8  9 10 11 12 13 14 15 16 17 |
---------------+----------------------------------------------------+-----
Armour         | 4 5 6 7 8 9 10 11 | 11.5
Shields        | 4 5 6 7 9 11 12 13 14 15 16 17 | 17.3
Fighting       | 4 5 6 8 9 10 11 12 | 12.8
Maces & Flails | 3 4 5 6 9 11 12 14 | 14.6
Short Blades   | 2 4 7 9 10 | 10.8
Dodging        | 1 3 5 6 8 |  8.3
Evocations     | |  0.1

Action                   |  1- 3 |  4- 6 |  7- 9 | 10-12 | 13-15 | 16-18 || total
-------------------------+-------+-------+-------+-------+-------+-------++-------
Melee: Flail             |   146 |   239 |    64 |       |       |       ||   449
       Whip              |       |       |   135 |    82 |  1646 |   791 ||  2654
       Rapier            |       |       |   305 |   817 |       |       ||  1122
Invok: Request Jelly     |       |       |       |       |     1 |       ||     1
       Cure Bad Mutation |       |       |       |       |       |     2 ||     2
 Abil: Fly               |       |       |       |       |     1 |       ||     1
       Stop Flying       |       |       |       |       |     1 |       ||     1
Evoke: Wand              |       |       |       |     2 |     2 |     3 ||     7
  Use: Scroll            |       |       |     6 |    13 |     5 |    10 ||    34
       Potion            |       |       |       |     8 |     8 |     4 ||    20
 Stab: Paralysed         |       |       |     1 |       |       |       ||     1
       Distracted        |       |       |       |       |       |     2 ||     2
       Sleeping          |       |       |       |       |       |     2 ||     2
  Eat: Chunk             |     1 |     7 |    16 |    32 |    30 |     2 ||    88
